 Dungeon Crawl Stone Soup version 0.18.1-8-gdd0e5ea (webtiles) character file.

2004 Scarto the Skirmisher (level 9, 0/85 HPs)
             Began as a Demonspawn Berserker on May 24, 2016.
             Was an Elder of Trog.
             Splashed by a jelly's acid (9 damage)
             ... on level 6 of the Dungeon.
             The game lasted 00:13:29 (6323 turns).

Scarto the Skirmisher (Demonspawn Berserker)        Turns: 6323, Time: 00:13:30

Health: 0/85       AC: -5    Str: 22    XL:     9   Next: 2%
Magic:  9/9        EV: 10    Int:  9    God:    Trog [****..]
Gold:   440        SH:  0    Dex: 13    Spells: 0 memorised, 8 levels left

rFire  . . .     SeeInvis +     a - +0 hand axe
rCold  + . .     Gourm    .     h - +0 chain mail {rN+}
rNeg   + . .     Faith    .     (no shield)
rPois  .         Spirit   .     (helmet unavailable)
rElec  .         Dismiss  .     (no cloak)
rCorr  .         Reflect  .     (no gloves)
SustAt .         Harm     .     (no boots)
MR     ++++.     Clarity  +     (no amulet)
Stlth  ..........               p - ring of protection from magic
                                l - ring of protection from magic

@: corroded, regenerating, incredibly resistant to hostile enchantments,
extremely unstealthy
A: antennae 3, iridescent scales 1, see invisible, clarity, cold resistance 1,
demonic guardian 1, powered by death 1, robust 2, strong 1
a: Berserk, Trog's Hand, Brothers in Arms, Burn Spellbooks, Renounce Religion


You were on level 6 of the Dungeon.
You worshipped Trog.
Trog was greatly pleased with you.
You were near starving.

You visited 1 branch of the dungeon, and saw 6 of its levels.

You collected 440 gold pieces.

Inventory:

Hand Weapons
 a - a +0 hand axe (weapon)
Missiles
 n - 15 tomahawks (quivered)
Armour
 h - a +0 chain mail of positive energy (worn)
 t - a +0 plate armour
Jewellery
 j - an uncursed ring of protection from cold
 l - a ring of protection from magic (left hand)
 p - a ring of protection from magic (right hand)
Scrolls
 f - 3 scrolls of remove curse
 k - 2 scrolls of enchant armour {unknown}
 m - a scroll of random uselessness {unknown}
 q - 2 scrolls of immolation
Potions
 c - 2 potions of cancellation {unknown}
 d - a potion of haste
 e - 2 potions of curing {unknown}
 g - a potion of lignification
 o - a potion of flight {unknown}
 s - a potion of invisibility {unknown}
Books
 r - a book of Misfortune

   Spells                             Type                      Level
   a - Confusing Touch                Hexes                        2
   b - Confuse                        Hexes                        3
   c - Gell's Gravitas                Hexes/Translocation          3
   d - Petrify                        Transmutation/Earth          4
   e - Metabolic Englaciation         Hexes/Ice                    5
   f - Yara's Violent Unravelling     Hexes/Transmutation          5
   Trog disapproves of the use of such an item.


   Skills:
 + Level 6.7 Fighting
 + Level 5.9 Axes
 + Level 5.8 Armour
 + Level 5.4 Dodging


You had 8 spell levels left.
You didn't know any spells.

Dungeon Overview and Level Annotations

Branches:
Dungeon (6/15)
 Temple: D:4-7

Altars:
Okawaru
The Shining One


Innate Abilities, Weirdness & Mutations

You have a pair of large antennae on your head (SInv).
You are partially covered in iridescent scales (AC +4).
A weak demonic guardian rushes to your aid.
You regenerate a little health from kills.
You have supernaturally acute eyesight.
You possess an exceptional clarity of mind.
Your flesh is cold resistant.
You are very robust (+20% HP).
Your muscles are strong. (Str +2)


Message History

The shadow imp is lightly wounded.
You hit the scorpion but do no damage. The shadow imp hits you.
The jelly hits you.
You are splashed with acid!
The acid burns!
* * * LOW HITPOINT WARNING * * *
The scorpion stings you.
* * * LOW HITPOINT WARNING * * *
Your skin crawls.
You feel resistant to hostile enchantments.
You feel slightly more hungry. The jelly hits you.
* * * LOW HITPOINT WARNING * * *
You are splashed with acid!
The acid burns!
* * * LOW HITPOINT WARNING * * *
The shadow imp hits you.
* * * LOW HITPOINT WARNING * * *
The scorpion barely misses you. The scorpion barely misses you.
The jelly hits you.
* * * LOW HITPOINT WARNING * * *
You are splashed with acid!
The acid corrodes you!
The acid burns!
You die...

......#..[[#).#......#
......'....#..#......#
......#'###########..#
#####....#######.##'##
....+....#..#....#...#
.[..#....'..'....#...#....+
#.#.>....#####...##..#....#
#######.....##...##..#..>.#
...# #.....#...@Js..#....#
...# #.....#....5........#
...# #.....'........#....#
...# #.....#........#....#
...#
##.....###+####'#....##+#
####
#........#..##...........
#........+...#...........
#........#.(.#...........
####........#'###...........


You could see a scorpion, a jelly and a shadow imp.

Vanquished Creatures
  Pikel (D:4)
  An orc warrior (D:6)
  A centaur (D:5)
  4 big kobolds (D:3)
  A water moccasin zombie (D:5)
  A howler monkey (D:3)
  A crimson imp (D:6)
  2 hounds (D:4)
  A centaur skeleton (D:4)
  2 orc priests
  4 orc wizards
  2 iguanas
  4 worker ants
  A hound zombie (D:5)
  5 adders
  6 gnolls
  2 shadow imps (D:5)
  An ooze (D:2)
  3 worms
  A dart slug (D:2)
  7 giant geckos
  20 orcs
  2 ball pythons
  11 bats
  3 giant cockroaches
  10 hobgoblins
  6 jackals
  2 quokkas
  A giant cockroach zombie (D:6)
  4 giant newts
  8 goblins
  53 kobolds
  13 rats
184 creatures vanquished.

Vanquished Creatures (collateral kills)
  An orc warrior (D:6)
  An ice beast (D:5)
  A centaur (D:6)
  A jelly (D:6)
  A hound (D:6)
  A hound skeleton (D:5)
  3 orcs
  A hobgoblin (D:3)
  A jackal (D:3)
11 creatures vanquished.

Grand Total: 195 creatures vanquished

Notes
Turn   | Place    | Note
--------------------------------------------------------------
     0 | D:1      | Scarto the Demonspawn Berserker began the quest for the Orb.
     0 | D:1      | Reached XP level 1. HP: 18/18 MP: 1/1
   110 | D:1      | Gained mutation: You have a pair of small antennae on your head. [demonic ancestry]
   110 | D:1      | Reached XP level 2. HP: 14/24 MP: 2/2
   890 | D:1      | Reached ** piety under Trog
   915 | D:1      | Gained mutation: A weak demonic guardian rushes to your aid. [demonic ancestry]
   915 | D:1      | Reached XP level 3. HP: 14/29 MP: 3/3
  1868 | D:2      | HP: 1/29 [worm (9)]
  2298 | D:2      | Gained mutation: You are partially covered in iridescent scales (AC +4). [demonic ancestry]
  2298 | D:2      | Reached XP level 4. HP: 18/35 MP: 4/4
  3104 | D:3      | Found an iron altar of Okawaru.
  3169 | D:3      | Gained mutation: You regenerate a little health from kills. [demonic ancestry]
  3169 | D:3      | Reached XP level 5. HP: 28/42 MP: 5/5
  3251 | D:3      | Gained mutation: You have supernaturally acute eyesight. [potion of mutation]
  3251 | D:3      | Gained mutation: Your muscles are strong. (Str +2) [potion of mutation]
  3251 | D:3      | Gained mutation: You possess an exceptional clarity of mind. [potion of mutation]
  3252 | D:3      | Gained mutation: You are robust (+10% HP). [potion of mutation]
  3252 | D:3      | Gained mutation: Your flesh is cold resistant. [potion of mutation]
  3252 | D:3      | Gained mutation: You are very robust (+20% HP). [potion of mutation]
  3293 | D:3      | Reached *** piety under Trog
  3325 | D:3      | Reached skill level 4 in Fighting
  3446 | D:3      | Reached XP level 6. HP: 57/57 MP: 6/6
  3452 | D:3      | Reached **** piety under Trog
  3733 | D:3      | Reached XP level 7. HP: 66/66 MP: 7/7
  4145 | D:4      | Found a glowing golden altar of the Shining One.
  4451 | D:4      | Noticed Pikel
  4490 | D:4      | Killed Pikel
  4490 | D:4      | Reached skill level 5 in Fighting
  4490 | D:4      | Gained mutation: You have a pair of antennae on your head. [demonic ancestry]
  4490 | D:4      | Reached XP level 8. HP: 46/75 MP: 8/8
  4740 | D:5      | Entered Level 5 of the Dungeon
  4776 | D:5      | Reached skill level 5 in Armour
  4779 | D:5      | Reached skill level 5 in Axes
  4783 | D:5      | Reached ***** piety under Trog
  5005 | D:5      | Reached skill level 6 in Fighting
  5005 | D:5      | Reached skill level 5 in Dodging
  5872 | D:6      | Gained mutation: You have a pair of large antennae on your head (SInv). [demonic ancestry]
  5872 | D:6      | Reached XP level 9. HP: 8/85 MP: 9/9
  6323 | D:6      | Splashed by a jelly's acid

Skill      XL: |  1  2  3  4  5  6  7  8 |
---------------+-------------------------+-----
Armour         | 2 3 4 5 |  5.8
Dodging        | 2 3 4 5 |  5.4
Axes           | 3 4 5 |  5.9
Fighting       | 4 5 6 |  6.7

Action                   |  1- 3 |  4- 6 |  7- 9 || total
-------------------------+-------+-------+-------++-------
Melee: Hand axe          |   189 |   200 |   402 ||   791
Invok: Berserk           |       |     3 |     5 ||     8
       Trog's Hand       |       |       |     3 ||     3
       Brothers in Arms  |       |       |     1 ||     1
  Use: Scroll            |       |     2 |     6 ||     8
       Potion            |       |     2 |       ||     2
 Stab: Distracted        |     1 |       |       ||     1
  Eat: Bread ration      |     2 |     1 |       ||     3
       Chunk             |     1 |       |     5 ||     6
       Meat ration       |       |       |     1 ||     1
       Fruit             |       |       |     2 ||     2
Armor: Animal skin       |    30 |       |       ||    30
       Ring mail         |    21 |    98 |   158 ||   277
       Chain mail        |       |       |     4 ||     4
Dodge: Dodged            |   134 |   157 |   301 ||   592
